Maple Leafs vs Blackhawks

Created - November 17, 2018 at 19:17

Goals
1 2 3 T
Maple Leafs 0 1 1 2
Blackhawks 1 2 0 3
Shots
1 2 3 T
Maple Leafs 6 12 7 25
Blackhawks 9 13 7 29

1st period

1. Blackhawks , Rick Nash 8 (Derick Brassard 14) at 8:04 (PP)

Penalties :
Ryan Parent (Tor) for Hooking (Minor) at 6:33, Claude Giroux (Tor) for Hooking (Minor) at 15:44

2nd period

2. Blackhawks , Rick Nash 9 (Antoine Roussel 13, Lasse Kukkonen 3) at 2:04
3. Maple Leafs , Mark Scheifele 6 (Ben Smith 5) at 2:42
4. Blackhawks , Michael Frolik 8 (Chris Kreider 6, Ryan Johansen 2) at 3:54

Penalties :
Tobias Enstrom (Tor) for Roughing (Double Minor) at 3:57, Ryan Parent (Tor) for Hooking (Minor) at 9:17, Artemi Panarin (Tor) for High sticking (Double Minor) at 13:18

3rd period

5. Maple Leafs , Ben Smith 6 (Gilbert Brule 8, Fabian Brunnstrom 5) at 8:18 (PP)

Penalties :
Artemi Panarin (Tor) for Tripping (Minor) at 4:33, Mike Green (Chi) for Kneeing (Minor) at 7:16, Artemi Panarin (Tor) for Hooking (Minor) at 8:23, Ben Smith (Tor) for Holding (Minor) at 14:25

Goalie Stats

Marc-André Fleury (Tor), 26 saves from 29 shots - (0.897), L, 5-7-0, 58:57 minutes
Jimmy Howard (Chi), 23 saves from 25 shots - (0.920), W, 6-7-1, 60:00 minutes

Players Stats for Maple Leafs

Player Name              G  A  P  +/- PIM S  H  SB GA TA FO     MP     PP MP  PK MP  
------------------------------------------------------------------------------------
Artemi Panarin           0  0  0   0  8   1  2  0  1  1  1/1    17:52   0:51   4:14 
Ben Smith                1  1  2  -1  2   2  3  0  0  0  0/1    11:26   0:11   0:00 
Blake Comeau             0  0  0   0  0   0  0  0  0  0  0/0     7:05   0:00   0:00 
Braydon Coburn           0  0  0  -1  0   1  2  2  0  2  0/0    24:50   0:00  11:37 
Claude Giroux            0  0  0   0  2   4  3  0  3  2  5/13   23:22   0:51   9:26 
Eric Nystrom             0  0  0   0  0   0  0  1  0  0  0/0    13:31   0:00   5:28 
Fabian Brunnstrom        0  1  1  -1  0   1  2  0  0  0  0/2    12:22   0:11   0:58 
Gilbert Brule            0  1  1   0  0   3  2  0  0  0  3/4    14:30   0:11   6:24 
Jeremy Morin             0  0  0   0  0   0  0  0  0  0  0/0     7:50   0:00   0:00 
John Klingberg           0  0  0   0  0   2  0  4  0  0  0/0    18:05   1:02   1:20 
Jordan Staal             0  0  0   0  0   1  0  0  0  0  13/23  23:46   0:51  10:27 
Marc-Édouard Vlasic      0  0  0  -1  0   1  0  0  0  0  0/0    15:47   0:00   2:01 
Mark Scheifele           1  0  1  -1  0   2  1  0  0  0  6/9    13:04   0:00   1:51 
Ryan Parent              0  0  0   0  4   2  0  4  1  0  0/0    16:09   0:00   6:25 
T.J Galiardi             0  0  0   0  0   1  3  0  0  0  0/0     7:50   0:00   0:00 
Taylor Chorney           0  0  0   0  0   0  1  2  0  1  0/0    19:57   0:00  10:49 
Tobias Enstrom           0  0  0   0  4   2  3  2  1  0  0/0    25:12   1:02   6:36 
Zac Dalpe                0  0  0   0  0   2  1  0  0  0  3/5     7:50   0:00   0:00 

Players Stats for Blackhawks

Player Name              G  A  P  +/- PIM S  H  SB GA TA FO     MP     PP MP  PK MP  
------------------------------------------------------------------------------------
Antoine Roussel          0  1  1   1  0   0  1  0  1  0  0/0    23:08   9:41   0:37 
Cam Janssen              0  0  0   0  0   1  0  0  0  1  1/1    10:29   1:17   0:28 
Chris Kreider            0  1  1   0  0   7  1  0  0  1  0/1    18:50   8:28   0:25 
Denis Grebeshkov         0  0  0   1  0   1  1  0  0  1  0/0    22:27   8:12   0:15 
Derick Brassard          0  1  1   1  0   0  1  3  0  0  15/32  23:05   9:43   0:00 
Hampus Lindholm          0  0  0  -1  0   1  0  0  0  0  0/0    21:11   7:58   0:47 
Joni Pitkanen            0  0  0  -1  0   1  1  2  1  1  0/0    26:16  10:51   0:47 
Kevin Marshall           0  0  0   1  0   0  0  0  0  1  0/0    11:17   0:21   0:00 
Lasse Kukkonen           0  1  1   1  0   0  0  0  0  0  0/0    11:32   0:21   0:15 
Mason Raymond            0  0  0   0  0   0  0  1  0  0  0/0     9:29   1:06   0:00 
Michael Frolik           1  0  1   0  0   4  3  1  1  0  1/1    18:29   8:26   0:00 
Mike Green               0  0  0   1  2   2  0  0  0  0  0/0    27:16  11:05   0:00 
Peter Regin              0  0  0   0  0   1  0  0  0  0  1/2     2:23   0:08   0:00 
Rick Nash                2  0  2   1  0   4  2  1  2  0  1/2    22:43   9:41   0:00 
Ryan Johansen            0  1  1   0  0   1  0  0  1  1  7/14   21:11   6:27   0:34 
Tomas Fleischmann        0  0  0   0  0   3  1  0  0  0  0/1    12:47   3:03   0:00 
Tyler Kennedy            0  0  0   0  0   2  0  0  0  0  0/0     8:06   0:00   0:00 
Zac Rinaldo              0  0  0   0  0   1  1  0  0  0  1/4     8:18   0:12   0:00 

3 Stars

1 - Rick Nash (Chi)
2 - Michael Frolik (Chi)
3 - Ben Smith (Tor)

Power Play

Maple Leafs - 1 on 1 Attempt(s) - 100.00%
Blackhawks - 1 on 10 Attempt(s) - 10.00%

Penalty Kill

Maple Leafs - 9 on 10 Attempt(s) - 90.00% - Score 0 goal in Penalty Kill
Blackhawks - 0 on 1 Attempt(s) - 0.00% - Score 0 goal in Penalty Kill

Team Stat

Maple Leafs - Hits : 23 - Faceoff Wins : 31 - Blocked Shots : 15 - Penalty Minutes : 20
Blackhawks - Hits : 12 - Faceoff Wins : 27 - Blocked Shots : 8 - Penalty Minutes : 2

Official

Referees : Unknown
Linesman : Unknown

Game Notes

Peter Regin is injured at 7:01 of 1st period (Torso)

Finance

Level 1 -- Attendance: 4197 (69.95%) -- Ticket Income $411,306
Level 2 -- Attendance: 3690 (73.80%) -- Ticket Income $232,470
Level 3 -- Attendance: 1516 (75.80%) -- Ticket Income $63,672
Level 4 -- Attendance: 3189 (79.73%) -- Ticket Income $98,859
Luxury Box -- Attendance: 710 (71.00%) -- Ticket Income $126,380
Game was played at the Rexall Place.
Total Attendance: 13302 (73.90%)
Total Ticket Income: $932,687
Other Income: $139,903
Total Income: $1,072,590

Maple Leafs

5 vs 5 Forward 
   Center                   Left Wing                Right Wing               Time % Phy DF OF 
 1 Jordan Staal             Artemi Panarin           Claude Giroux            40     1   2  2  
 2 Mark Scheifele           Fabian Brunnstrom        Ben Smith                30     1   2  2  
 3 Gilbert Brule            Eric Nystrom             Blake Comeau             20     1   2  2  
 4 Zac Dalpe                T.J Galiardi             Jeremy Morin             10     1   2  2  

5 vs 5 Defense 
   Defense                  Defense                                           Time % Phy DF OF 
 1 Tobias Enstrom           John Klingberg                                    40     1   2  2  
 2 Braydon Coburn           Marc-Édouard Vlasic                               30     1   2  2  
 3 Taylor Chorney           Ryan Parent                                       20     1   2  2  
 4 Tobias Enstrom           Braydon Coburn                                    10     1   2  2  

PowerPlay Forward 
   Center                   Left Wing                Right Wing               Time % Phy DF OF 
 1 Jordan Staal             Artemi Panarin           Claude Giroux            60     1   2  2  
 2 Gilbert Brule            Fabian Brunnstrom        Ben Smith                40     1   2  2  

PowerPlay Defense
   Defense                  Defense                                           Time % Phy DF OF 
 1 Tobias Enstrom           John Klingberg                                    60     1   2  2  
 2 Marc-Édouard Vlasic      Braydon Coburn                                    40     1   2  2  

Penalty Kill 4 Players Forward 
   Center                   Wing                     Time % Phy DF OF 
 1 Claude Giroux            Jordan Staal             60     1   2  2  
 2 Gilbert Brule            Artemi Panarin           40     1   2  2  

Penalty Kill 4 Players Defense
   Defense                  Defense                  Time % Phy DF OF 
 1 Taylor Chorney           Braydon Coburn           60     1   2  2  
 2 Tobias Enstrom           Ryan Parent              40     1   2  2  

Penalty Kill - 3 Players Forward 
   Forward                                           Time % Phy DF OF 
 1 Claude Giroux                                     60     1   2  2  
 2 Jordan Staal                                      40     1   2  2  

Penalty Kill - 3 Players Defense
   Defense                  Defense                  Time % Phy DF OF 
 1 Taylor Chorney           Braydon Coburn           60     1   2  2  
 2 Tobias Enstrom           Ryan Parent              40     1   2  2  

4 vs 4 Forward 
   Center                   Wing                     Time % Phy DF OF 
 1 Claude Giroux            Jordan Staal             60     1   2  2  
 2 Gilbert Brule            Artemi Panarin           40     1   2  2  

4 vs 4 Defense
   Defense                  Defense                  Time % Phy DF OF 
 1 Tobias Enstrom           Braydon Coburn           60     1   2  2  
 2 Taylor Chorney           Ryan Parent              40     1   2  2  

Last Minutes Offensive
   Center                   Left Wing                Right Wing               Defense                  Defense                  
   Jordan Staal             Artemi Panarin           Claude Giroux            Tobias Enstrom           John Klingberg           

Last Minutes Defensive
   Center                   Left Wing                Right Wing               Defense                  Defense                  
   Jordan Staal             Artemi Panarin           Claude Giroux            Taylor Chorney           Braydon Coburn           

Goaltenders
Starting : Marc-André Fleury        
Backup : Thomas McCollum          

Extra Forwards
Normal : Mark Scheifele, Ben Smith, Eric Nystrom - PP : Mark Scheifele, Ben Smith - PK : Eric Nystrom
Extra Defensemen
Normal : Marc-Édouard Vlasic, John Klingberg, Taylor Chorney - PP : Marc-Édouard Vlasic - PK : Ryan Parent, Taylor Chorney
Penalty Shots
Claude Giroux, Jordan Staal, Gilbert Brule, Artemi Panarin, Fabian Brunnstrom

Scratches
Alex Killorn (Healthy)

Blackhawks

5 vs 5 Forward 
   Center                   Left Wing                Right Wing               Time % Phy DF OF 
 1 Derick Brassard          Antoine Roussel          Rick Nash                40     1   2  2  
 2 Peter Regin              Chris Kreider            Michael Frolik           30     1   2  2  
 3 Ryan Johansen            Tomas Fleischmann        Cam Janssen              20     1   2  2  
 4 Zac Rinaldo              Mason Raymond            Tyler Kennedy            10     1   2  2  

5 vs 5 Defense 
   Defense                  Defense                                           Time % Phy DF OF 
 1 Mike Green               Denis Grebeshkov                                  40     1   2  2  
 2 Joni Pitkanen            Hampus Lindholm                                   30     1   2  2  
 3 Lasse Kukkonen           Kevin Marshall                                    20     1   2  2  
 4 Mike Green               Joni Pitkanen                                     10     1   2  2  

PowerPlay Forward 
   Center                   Left Wing                Right Wing               Time % Phy DF OF 
 1 Derick Brassard          Antoine Roussel          Rick Nash                60     1   2  2  
 2 Peter Regin              Chris Kreider            Michael Frolik           40     1   2  2  

PowerPlay Defense
   Defense                  Defense                                           Time % Phy DF OF 
 1 Mike Green               Joni Pitkanen                                     60     1   2  2  
 2 Denis Grebeshkov         Hampus Lindholm                                   40     1   2  2  

Penalty Kill 4 Players Forward 
   Center                   Wing                     Time % Phy DF OF 
 1 Peter Regin              Antoine Roussel          60     1   2  2  
 2 Ryan Johansen            Tyler Kennedy            40     1   2  2  

Penalty Kill 4 Players Defense
   Defense                  Defense                  Time % Phy DF OF 
 1 Mike Green               Joni Pitkanen            60     1   2  2  
 2 Denis Grebeshkov         Lasse Kukkonen           40     1   2  2  

Penalty Kill - 3 Players Forward 
   Forward                                           Time % Phy DF OF 
 1 Peter Regin                                       60     1   2  2  
 2 Ryan Johansen                                     40     1   2  2  

Penalty Kill - 3 Players Defense
   Defense                  Defense                  Time % Phy DF OF 
 1 Mike Green               Joni Pitkanen            60     1   2  2  
 2 Denis Grebeshkov         Lasse Kukkonen           40     1   2  2  

4 vs 4 Forward 
   Center                   Wing                     Time % Phy DF OF 
 1 Rick Nash                Derick Brassard          60     1   2  2  
 2 Antoine Roussel          Chris Kreider            40     1   2  2  

4 vs 4 Defense
   Defense                  Defense                  Time % Phy DF OF 
 1 Mike Green               Joni Pitkanen            60     1   2  2  
 2 Denis Grebeshkov         Kevin Marshall           40     1   2  2  

Last Minutes Offensive
   Center                   Left Wing                Right Wing               Defense                  Defense                  
   Derick Brassard          Antoine Roussel          Rick Nash                Mike Green               Joni Pitkanen            

Last Minutes Defensive
   Center                   Left Wing                Right Wing               Defense                  Defense                  
   Derick Brassard          Antoine Roussel          Rick Nash                Mike Green               Joni Pitkanen            

Goaltenders
Starting : Jimmy Howard             
Backup : Al Montoya               

Extra Forwards
Normal : Ryan Johansen, Tomas Fleischmann, Cam Janssen - PP : Ryan Johansen, Tomas Fleischmann - PK : Cam Janssen
Extra Defensemen
Normal : Mike Green, Hampus Lindholm, Denis Grebeshkov - PP : Hampus Lindholm - PK : Mike Green, Denis Grebeshkov
Penalty Shots
Rick Nash, Derick Brassard, Antoine Roussel, Chris Kreider, Michael Frolik

Scratches
None


% Time on Ice - Maple Leafs

Lines # - Real PCT - Wanted PCT - Time Play
Normal Forward
1 - 31% - 40% - 12:02
2 - 30% - 30% - 11:25
3 - 18% - 20% - 7:05
4 - 20% - 10% - 7:50
Normal Defense
1 - 40% - 40% - 15:29
2 - 35% - 30% - 13:18
3 - 23% - 20% - 8:54
4 - 2% - 10% - 0:41
PP Forward
1 - 82% - 60% - 0:51
2 - 18% - 40% - 0:11
PP Defense
1 - 100% - 60% - 1:02
2 - 0% - 40% - 0:00
PK Forward
1 - 65% - 60% - 12:36
2 - 35% - 40% - 6:48
PK Defense
1 - 51% - 60% - 9:48
2 - 49% - 40% - 9:36
PK3 Forward
1 - 0% - 60%
2 - 0% - 40%
PK3 Defense
1 - 0% - 60%
2 - 0% - 40%
44 Forward
1 - 0% - 60%
2 - 0% - 40%
44 Defense
1 - 0% - 60%
2 - 0% - 40%
Last Minute Offensive  - 1:12
Last Minute Defensive  - 0:00
Total
Forward - 60:00
Defense - 60:00

% Time on Ice - Blackhawks

Lines # - Real PCT - Wanted PCT - Time Play
Normal Forward
1 - 30% - 40% - 11:35
2 - 28% - 30% - 10:46
3 - 21% - 20% - 7:52
4 - 21% - 10% - 8:06
Normal Defense
1 - 37% - 40% - 14:22
2 - 30% - 30% - 11:40
3 - 29% - 20% - 10:56
4 - 4% - 10% - 1:21
PP Forward
1 - 50% - 60% - 9:41
2 - 50% - 40% - 9:43
PP Defense
1 - 59% - 60% - 11:26
2 - 41% - 40% - 7:58
PK Forward
1 - 100% - 60% - 1:02
2 - 0% - 40% - 0:00
PK Defense
1 - 76% - 60% - 0:47
2 - 24% - 40% - 0:15
PK3 Forward
1 - 0% - 60%
2 - 0% - 40%
PK3 Defense
1 - 0% - 60%
2 - 0% - 40%
44 Forward
1 - 0% - 60%
2 - 0% - 40%
44 Defense
1 - 0% - 60%
2 - 0% - 40%
Last Minute Offensive  - 0:00
Last Minute Defensive  - 1:15
Total
Forward - 60:00
Defense - 60:00

Play by Play

1st period


0:01 of 1st period - Jordan Staal wins face-off versus Derick Brassard in neutral zone.
1:33 of 1st period - Wrist shot by Jordan Staal.
1:33 of 1st period - Stopped by Jimmy Howard without a rebound.
1:34 of 1st period - Peter Regin wins face-off versus Ben Smith in Blackhawks zone.
1:43 of 1st period - Snap shot by Michael Frolik.
1:43 of 1st period - Shot Hit the Post.
1:45 of 1st period - Slapshot by Mike Green.
1:45 of 1st period - Stopped by Marc-André Fleury without a rebound.
1:46 of 1st period - Artemi Panarin wins face-off versus Derick Brassard in Maple Leafs zone.
1:55 of 1st period - Wrist shot by Claude Giroux.
1:55 of 1st period - Shot Blocked by Derick Brassard.
1:57 of 1st period - Snap shot by Claude Giroux.
1:57 of 1st period - Shot Misses the Net.
3:17 of 1st period - Snap shot by Jordan Staal.
3:17 of 1st period - Shot Misses the Net.
3:19 of 1st period - Slapshot by Ryan Parent.
3:19 of 1st period - Stopped by Jimmy Howard with a rebound.
3:41 of 1st period - Snap shot by Tomas Fleischmann.
3:41 of 1st period - Stopped by Marc-André Fleury without a rebound.
3:42 of 1st period - Mark Scheifele wins face-off versus Ryan Johansen in Maple Leafs zone.
3:57 of 1st period - Snap shot by Tobias Enstrom.
3:57 of 1st period - Shot Misses the Net.
3:59 of 1st period - Snap shot by Fabian Brunnstrom.
3:59 of 1st period - Shot Misses the Net.
5:24 of 1st period - Snap shot by Fabian Brunnstrom.
5:24 of 1st period - Shot Misses the Net.
5:26 of 1st period - Wrist shot by Braydon Coburn.
5:26 of 1st period - Shot Misses the Net.
5:28 of 1st period - Snap shot by Mark Scheifele.
5:28 of 1st period - Shot Misses the Net.
5:30 of 1st period - Slapshot by Braydon Coburn.
5:30 of 1st period - Stopped by Jimmy Howard with a rebound.
5:44 of 1st period - Snap shot by Peter Regin.
5:44 of 1st period - Stopped by Marc-André Fleury without a rebound.
5:45 of 1st period - Jordan Staal wins face-off versus Peter Regin in Maple Leafs zone.
6:33 of 1st period - Minor Penalty to Ryan Parent for Hooking.
6:34 of 1st period - Derick Brassard wins face-off versus Claude Giroux in Maple Leafs zone.
7:00 of 1st period - Peter Regin is hit by Taylor Chorney.
7:01 of 1st period - Peter Regin from Blackhawks is injured at 7:01 of 1st period (Torso).
7:02 of 1st period - Derick Brassard wins face-off versus Claude Giroux in Blackhawks zone.
7:54 of 1st period - Off-side.
7:55 of 1st period - Derick Brassard wins face-off versus Gilbert Brule in neutral zone.
8:04 of 1st period - Snap shot by Rick Nash.
8:04 of 1st period - Goal by Rick Nash - Maple Leafs : 0 - Blackhawks : 1.
8:05 of 1st period - Derick Brassard wins face-off versus Mark Scheifele in neutral zone.
9:36 of 1st period - Cam Janssen is hit by Braydon Coburn.
10:36 of 1st period - Jeremy Morin is hit by Michael Frolik and loses puck.
10:49 of 1st period - Snap shot by Chris Kreider.
10:49 of 1st period - Stopped by Marc-André Fleury with a rebound.
10:56 of 1st period - Icing by Ryan Parent.
10:57 of 1st period - Zac Dalpe wins face-off versus Derick Brassard in Maple Leafs zone.
11:33 of 1st period - Snap shot by Ryan Johansen.
11:33 of 1st period - Shot Blocked by Tobias Enstrom.
11:51 of 1st period - Wrist shot by Chris Kreider.
11:51 of 1st period - Stopped by Marc-André Fleury with a rebound.
12:02 of 1st period - Off-side.
12:03 of 1st period - Zac Dalpe wins face-off versus Zac Rinaldo in neutral zone.
12:10 of 1st period - Slapshot by Zac Dalpe.
12:10 of 1st period - Stopped by Jimmy Howard without a rebound.
12:11 of 1st period - Jordan Staal wins face-off versus Derick Brassard in Blackhawks zone.
12:24 of 1st period - Hampus Lindholm is hit by Claude Giroux and loses puck.
13:03 of 1st period - Snap shot by Mason Raymond.
13:03 of 1st period - Shot Misses the Net.
13:21 of 1st period - Wrist shot by Mark Scheifele.
13:21 of 1st period - Shot Misses the Net.
13:29 of 1st period - Slapshot by Ben Smith.
13:29 of 1st period - Stopped by Jimmy Howard with a rebound.
13:31 of 1st period - Backhand shot by Ben Smith.
13:31 of 1st period - Shot Misses the Net.
13:33 of 1st period - Snap shot by Fabian Brunnstrom.
13:33 of 1st period - Shot Blocked by Mason Raymond.
13:35 of 1st period - Slapshot by Braydon Coburn.
13:35 of 1st period - Deflect By Fabian Brunnstrom.
13:35 of 1st period - Shot Misses the Net.
13:35 of 1st period - Puck is out of play.
13:36 of 1st period - Derick Brassard wins face-off versus Jordan Staal in Blackhawks zone.
13:45 of 1st period - Slapshot by Jordan Staal.
13:45 of 1st period - Shot Blocked by Derick Brassard.
14:25 of 1st period - Slapshot by Tomas Fleischmann.
14:25 of 1st period - Shot Misses the Net.
14:28 of 1st period - Icing by Ryan Parent.
14:29 of 1st period - Zac Dalpe wins face-off versus Ryan Johansen in Maple Leafs zone.
15:09 of 1st period - Wrist shot by Tomas Fleischmann.
15:09 of 1st period - Shot Blocked by Ryan Parent.
15:21 of 1st period - Slapshot by Denis Grebeshkov.
15:21 of 1st period - Shot Blocked by Ryan Parent.
15:33 of 1st period - Slapshot by Ryan Parent.
15:33 of 1st period - Shot Misses the Net.
15:41 of 1st period - Slapshot by Mike Green.
15:41 of 1st period - Deflect By Taylor Chorney.
15:41 of 1st period - Stopped by Marc-André Fleury without a rebound.
15:42 of 1st period - Jordan Staal wins face-off versus Derick Brassard in Maple Leafs zone.
15:44 of 1st period - Minor Penalty to Claude Giroux for Hooking.
15:45 of 1st period - Jordan Staal wins face-off versus Derick Brassard in Maple Leafs zone.
16:51 of 1st period - Derick Brassard is hit by Tobias Enstrom and loses puck.
17:44 of 1st period - Penalty to Claude Giroux is over, Claude Giroux is back on ice.
17:49 of 1st period - Wrist shot by Claude Giroux.
17:49 of 1st period - Shot Misses the Net.
18:09 of 1st period - Slapshot by Claude Giroux.
18:09 of 1st period - Shot Blocked by Joni Pitkanen.
18:11 of 1st period - Snap shot by Eric Nystrom.
18:11 of 1st period - Shot Blocked by Joni Pitkanen.
18:17 of 1st period - Wrist shot by Gilbert Brule.
18:17 of 1st period - Shot Hit the Post.
18:21 of 1st period - Snap shot by Claude Giroux.
18:21 of 1st period - Deflect By Gilbert Brule.
18:21 of 1st period - Stopped by Jimmy Howard without a rebound.
18:22 of 1st period - Mark Scheifele wins face-off versus Zac Rinaldo in Blackhawks zone.
18:37 of 1st period - Snap shot by Mason Raymond.
18:37 of 1st period - Deflect By Zac Rinaldo.
18:37 of 1st period - Shot Misses the Net.
18:37 of 1st period - Puck is out of play.
18:38 of 1st period - Ryan Johansen wins face-off versus Jordan Staal in Maple Leafs zone.
18:41 of 1st period - Snap shot by Michael Frolik.
18:41 of 1st period - Stopped by Marc-André Fleury with a rebound.
18:43 of 1st period - Wrist shot by Michael Frolik.
18:43 of 1st period - Stopped by Marc-André Fleury without a rebound.
18:44 of 1st period - Jordan Staal wins face-off versus Ryan Johansen in Maple Leafs zone.
19:19 of 1st period - Mason Raymond is hit by Ben Smith and loses puck.
19:36 of 1st period - Eric Nystrom is hit by Rick Nash and loses puck.
19:49 of 1st period - Wrist shot by Chris Kreider.
19:49 of 1st period - Shot Misses the Net.
Goals for this period are 0 for Maple Leafs vs 1 for Blackhawks.
Shots for this period are 6 for Maple Leafs vs 9 for Blackhawks.

2nd period


0:01 of 2nd period - Jordan Staal wins face-off versus Derick Brassard in neutral zone.
0:16 of 2nd period - Snap shot by Claude Giroux.
0:16 of 2nd period - Stopped by Jimmy Howard with a rebound.
0:51 of 2nd period - Snap shot by T.J Galiardi.
0:51 of 2nd period - Deflect By Zac Dalpe.
0:51 of 2nd period - Shot Blocked by Michael Frolik.
0:51 of 2nd period - Puck is out of play.
0:52 of 2nd period - Derick Brassard wins face-off versus Zac Dalpe in Blackhawks zone.
1:24 of 2nd period - Wrist shot by Tomas Fleischmann.
1:24 of 2nd period - Stopped by Marc-André Fleury without a rebound.
1:25 of 2nd period - Ryan Johansen wins face-off versus Jordan Staal in Maple Leafs zone.
1:46 of 2nd period - Wrist shot by Tomas Fleischmann.
1:46 of 2nd period - Shot Misses the Net.
2:04 of 2nd period - Wrist shot by Rick Nash.
2:04 of 2nd period - Goal by Rick Nash - Maple Leafs : 0 - Blackhawks : 2.
2:05 of 2nd period - Rick Nash wins face-off versus Jordan Staal in neutral zone.
2:36 of 2nd period - Slapshot by Fabian Brunnstrom.
2:36 of 2nd period - Stopped by Jimmy Howard without a rebound.
2:37 of 2nd period - Mark Scheifele wins face-off versus Ryan Johansen in Blackhawks zone.
2:42 of 2nd period - Snap shot by Mark Scheifele.
2:42 of 2nd period - Goal by Mark Scheifele - Maple Leafs : 1 - Blackhawks : 2.
2:43 of 2nd period - Jordan Staal wins face-off versus Derick Brassard in neutral zone.
3:16 of 2nd period - Wrist shot by Michael Frolik.
3:16 of 2nd period - Deflect By Gilbert Brule.
3:16 of 2nd period - Shot Misses the Net.
3:16 of 2nd period - Puck is out of play.
3:17 of 2nd period - Ryan Johansen wins face-off versus Mark Scheifele in Maple Leafs zone.
3:18 of 2nd period - Snap shot by Michael Frolik.
3:18 of 2nd period - Shot Misses the Net.
3:20 of 2nd period - Slapshot by Chris Kreider.
3:20 of 2nd period - Stopped by Marc-André Fleury without a rebound.
3:21 of 2nd period - Ryan Johansen wins face-off versus Fabian Brunnstrom in Maple Leafs zone.
3:26 of 2nd period - Slapshot by Chris Kreider.
3:26 of 2nd period - Stopped by Marc-André Fleury without a rebound.
3:27 of 2nd period - Mark Scheifele wins face-off versus Ryan Johansen in Maple Leafs zone.
3:54 of 2nd period - Snap shot by Michael Frolik.
3:54 of 2nd period - Goal by Michael Frolik - Maple Leafs : 1 - Blackhawks : 3.
3:55 of 2nd period - Jordan Staal wins face-off versus Rick Nash in neutral zone.
3:57 of 2nd period - Double Minor Penalty to Tobias Enstrom for Roughing.
3:58 of 2nd period - Claude Giroux wins face-off versus Derick Brassard in Maple Leafs zone.
4:13 of 2nd period - Snap shot by Rick Nash.
4:13 of 2nd period - Stopped by Marc-André Fleury without a rebound.
4:14 of 2nd period - Derick Brassard wins face-off versus Claude Giroux in Maple Leafs zone.
6:50 of 2nd period - Kevin Marshall is hit by Artemi Panarin and loses puck.
7:35 of 2nd period - John Klingberg is hit by Tomas Fleischmann.
7:39 of 2nd period - Hampus Lindholm is hit by Gilbert Brule and loses puck.
7:57 of 2nd period - Penalty to Tobias Enstrom is over, Tobias Enstrom is back on ice.
8:25 of 2nd period - Icing by Tobias Enstrom.
8:26 of 2nd period - Ryan Johansen wins face-off versus Fabian Brunnstrom in Maple Leafs zone.
8:55 of 2nd period - Slapshot by Tobias Enstrom.
8:55 of 2nd period - Shot Blocked by Rick Nash.
9:13 of 2nd period - Snap shot by Chris Kreider.
9:13 of 2nd period - Stopped by Marc-André Fleury without a rebound.
9:14 of 2nd period - Jordan Staal wins face-off versus Tomas Fleischmann in Maple Leafs zone.
9:14 of 2nd period - Jordan Staal is hit by Chris Kreider.
9:17 of 2nd period - Minor Penalty to Ryan Parent for Hooking.
9:18 of 2nd period - Claude Giroux wins face-off versus Derick Brassard in Maple Leafs zone.
10:12 of 2nd period - Snap shot by Michael Frolik.
10:12 of 2nd period - Shot Blocked by Braydon Coburn.
10:50 of 2nd period - Tobias Enstrom is hit by Derick Brassard.
11:17 of 2nd period - Penalty to Ryan Parent is over, Ryan Parent is back on ice.
11:20 of 2nd period - Snap shot by John Klingberg.
11:20 of 2nd period - Deflect By Tomas Fleischmann.
11:20 of 2nd period - Stopped by Jimmy Howard with a rebound.
11:34 of 2nd period - Taylor Chorney is hit by Zac Rinaldo and loses puck.
11:41 of 2nd period - Slapshot by Ryan Parent.
11:41 of 2nd period - Stopped by Jimmy Howard without a rebound.
11:42 of 2nd period - Mark Scheifele wins face-off versus Ryan Johansen in Blackhawks zone.
11:59 of 2nd period - Lasse Kukkonen is hit by Fabian Brunnstrom and loses puck.
12:16 of 2nd period - Slapshot by Tobias Enstrom.
12:16 of 2nd period - Deflect By Kevin Marshall.
12:16 of 2nd period - Stopped by Jimmy Howard without a rebound.
12:17 of 2nd period - Gilbert Brule wins face-off versus Derick Brassard in Blackhawks zone.
12:18 of 2nd period - Snap shot by John Klingberg.
12:18 of 2nd period - Stopped by Jimmy Howard without a rebound.
12:19 of 2nd period - Gilbert Brule wins face-off versus Derick Brassard in Blackhawks zone.
12:32 of 2nd period - Wrist shot by Derick Brassard.
12:32 of 2nd period - Shot Blocked by John Klingberg.
12:34 of 2nd period - Slapshot by Denis Grebeshkov.
12:34 of 2nd period - Stopped by Marc-André Fleury with a rebound.
12:36 of 2nd period - Wrist shot by Derick Brassard.
12:36 of 2nd period - Shot Blocked by John Klingberg.
12:48 of 2nd period - Slapshot by Denis Grebeshkov.
12:48 of 2nd period - Shot Blocked by John Klingberg.
12:50 of 2nd period - Slapshot by Cam Janssen.
12:50 of 2nd period - Shot Blocked by Eric Nystrom.
12:52 of 2nd period - Slapshot by Mike Green.
12:52 of 2nd period - Deflect By Cam Janssen.
12:52 of 2nd period - Stopped by Marc-André Fleury without a rebound.
12:53 of 2nd period - Ryan Johansen wins face-off versus Jordan Staal in Maple Leafs zone.
13:00 of 2nd period - Slapshot by Joni Pitkanen.
13:00 of 2nd period - Stopped by Marc-André Fleury without a rebound.
13:01 of 2nd period - Claude Giroux wins face-off versus Derick Brassard in Maple Leafs zone.
13:01 of 2nd period - Claude Giroux is hit by Joni Pitkanen.
13:11 of 2nd period - Wrist shot by Claude Giroux.
13:11 of 2nd period - Stopped by Jimmy Howard with a rebound.
13:18 of 2nd period - Double Minor Penalty to Artemi Panarin for High sticking.
13:19 of 2nd period - Claude Giroux wins face-off versus Derick Brassard in Maple Leafs zone.
13:29 of 2nd period - Snap shot by Joni Pitkanen.
13:29 of 2nd period - Shot Misses the Net.
13:35 of 2nd period - Backhand shot by Claude Giroux.
13:35 of 2nd period - Stopped by Jimmy Howard without a rebound.
13:36 of 2nd period - Derick Brassard wins face-off versus Claude Giroux in Blackhawks zone.
13:42 of 2nd period - Off-side.
13:43 of 2nd period - Derick Brassard wins face-off versus Claude Giroux in neutral zone.
13:46 of 2nd period - Braydon Coburn is hit by Rick Nash and loses puck.
14:21 of 2nd period - Slapshot by Mike Green.
14:21 of 2nd period - Shot Blocked by Ryan Parent.
14:49 of 2nd period - Slapshot by Rick Nash.
14:49 of 2nd period - Shot Blocked by Ryan Parent.
14:53 of 2nd period - Snap shot by Chris Kreider.
14:53 of 2nd period - Stopped by Marc-André Fleury without a rebound.
14:54 of 2nd period - Ryan Johansen wins face-off versus Claude Giroux in Maple Leafs zone.
14:55 of 2nd period - Slapshot by Chris Kreider.
14:55 of 2nd period - Shot Blocked by Taylor Chorney.
14:57 of 2nd period - Wrist shot by Chris Kreider.
14:57 of 2nd period - Shot Blocked by Braydon Coburn.
15:13 of 2nd period - Wrist shot by Michael Frolik.
15:13 of 2nd period - Stopped by Marc-André Fleury without a rebound.
15:14 of 2nd period - Gilbert Brule wins face-off versus Ryan Johansen in Maple Leafs zone.
15:21 of 2nd period - Hampus Lindholm is hit by Gilbert Brule and loses puck.
16:21 of 2nd period - Eric Nystrom is hit by Michael Frolik and loses puck.
17:18 of 2nd period - Penalty to Artemi Panarin is over, Artemi Panarin is back on ice.
17:35 of 2nd period - Slapshot by Zac Rinaldo.
17:35 of 2nd period - Stopped by Marc-André Fleury with a rebound.
17:57 of 2nd period - Wrist shot by Mark Scheifele.
17:57 of 2nd period - Stopped by Jimmy Howard with a rebound.
18:59 of 2nd period - Jeremy Morin is hit by Michael Frolik and loses puck.
19:45 of 2nd period - Snap shot by Fabian Brunnstrom.
19:45 of 2nd period - Shot Misses the Net.
19:47 of 2nd period - Backhand shot by Marc-Édouard Vlasic.
19:47 of 2nd period - Stopped by Jimmy Howard with a rebound.
19:49 of 2nd period - Snap shot by Claude Giroux.
19:49 of 2nd period - Stopped by Jimmy Howard with a rebound.
Goals for this period are 1 for Maple Leafs vs 2 for Blackhawks.
Shots for this period are 12 for Maple Leafs vs 13 for Blackhawks.

3rd period


0:01 of 3rd period - Derick Brassard wins face-off versus Jordan Staal in neutral zone.
0:04 of 3rd period - Snap shot by Denis Grebeshkov.
0:04 of 3rd period - Shot Misses the Net.
0:26 of 3rd period - Ryan Johansen is hit by Ben Smith.
0:50 of 3rd period - Gilbert Brule is hit by Denis Grebeshkov and loses puck.
1:01 of 3rd period - Slapshot by Tyler Kennedy.
1:01 of 3rd period - Stopped by Marc-André Fleury with a rebound.
1:11 of 3rd period - Snap shot by Artemi Panarin.
1:11 of 3rd period - Shot Blocked by Derick Brassard.
1:13 of 3rd period - Snap shot by Artemi Panarin.
1:13 of 3rd period - Deflect By Claude Giroux.
1:13 of 3rd period - Shot Misses the Net.
1:13 of 3rd period - Puck is out of play.
1:14 of 3rd period - Derick Brassard wins face-off versus Jordan Staal in Blackhawks zone.
1:14 of 3rd period - Derick Brassard is hit by Artemi Panarin.
1:24 of 3rd period - Wrist shot by Artemi Panarin.
1:24 of 3rd period - Stopped by Jimmy Howard with a rebound.
1:26 of 3rd period - Wrist shot by Tobias Enstrom.
1:26 of 3rd period - Deflect By Jordan Staal.
1:26 of 3rd period - Shot Hit the Post.
1:26 of 3rd period - Puck is out of play.
1:27 of 3rd period - Derick Brassard wins face-off versus Jordan Staal in Blackhawks zone.
1:42 of 3rd period - Wrist shot by Derick Brassard.
1:42 of 3rd period - Shot Blocked by John Klingberg.
1:44 of 3rd period - Slapshot by Hampus Lindholm.
1:44 of 3rd period - Stopped by Marc-André Fleury with a rebound.
1:54 of 3rd period - Ryan Johansen is hit by Tobias Enstrom and loses puck.
2:36 of 3rd period - Snap shot by T.J Galiardi.
2:36 of 3rd period - Stopped by Jimmy Howard with a rebound.
2:38 of 3rd period - Wrist shot by Zac Dalpe.
2:38 of 3rd period - Stopped by Jimmy Howard without a rebound.
2:39 of 3rd period - Michael Frolik wins face-off versus Zac Dalpe in Blackhawks zone.
2:48 of 3rd period - Snap shot by Chris Kreider.
2:48 of 3rd period - Stopped by Marc-André Fleury with a rebound.
3:29 of 3rd period - Snap shot by Tyler Kennedy.
3:29 of 3rd period - Shot Misses the Net.
4:12 of 3rd period - Ryan Johansen is hit by Zac Dalpe.
4:33 of 3rd period - Minor Penalty to Artemi Panarin for Tripping.
4:34 of 3rd period - Claude Giroux wins face-off versus Derick Brassard in Maple Leafs zone.
4:53 of 3rd period - Claude Giroux is hit by Antoine Roussel and loses puck.
6:33 of 3rd period - Penalty to Artemi Panarin is over, Artemi Panarin is back on ice.
7:16 of 3rd period - Minor Penalty to Mike Green for Kneeing.
7:17 of 3rd period - Cam Janssen wins face-off versus Jordan Staal in Blackhawks zone.
7:56 of 3rd period - Slapshot by Tobias Enstrom.
7:56 of 3rd period - Stopped by Jimmy Howard with a rebound.
8:07 of 3rd period - Icing by Artemi Panarin.
8:08 of 3rd period - Jordan Staal wins face-off versus Chris Kreider in Maple Leafs zone.
8:18 of 3rd period - Wrist shot by Ben Smith.
8:18 of 3rd period - Goal by Ben Smith - Maple Leafs : 2 - Blackhawks : 3.
8:19 of 3rd period - Derick Brassard wins face-off versus Jordan Staal in neutral zone.
8:23 of 3rd period - Minor Penalty to Artemi Panarin for Hooking.
8:24 of 3rd period - Derick Brassard wins face-off versus Claude Giroux in Maple Leafs zone.
8:27 of 3rd period - Slapshot by Derick Brassard.
8:27 of 3rd period - Shot Misses the Net.
8:29 of 3rd period - Wrist shot by Rick Nash.
8:29 of 3rd period - Stopped by Marc-André Fleury with a rebound.
8:31 of 3rd period - Snap shot by Antoine Roussel.
8:31 of 3rd period - Shot Blocked by Taylor Chorney.
9:18 of 3rd period - Derick Brassard is hit by Claude Giroux and loses puck.
10:18 of 3rd period - Denis Grebeshkov is hit by Tobias Enstrom and loses puck.
10:23 of 3rd period - Penalty to Artemi Panarin is over, Artemi Panarin is back on ice.
10:42 of 3rd period - Mason Raymond is hit by T.J Galiardi and loses puck.
10:55 of 3rd period - Tomas Fleischmann is hit by Mark Scheifele and loses puck.
11:24 of 3rd period - Snap shot by Gilbert Brule.
11:24 of 3rd period - Stopped by Jimmy Howard with a rebound.
11:26 of 3rd period - Snap shot by Gilbert Brule.
11:26 of 3rd period - Stopped by Jimmy Howard with a rebound.
11:38 of 3rd period - Derick Brassard is hit by T.J Galiardi and loses puck.
12:00 of 3rd period - Tyler Kennedy is hit by Claude Giroux and loses puck.
12:35 of 3rd period - Derick Brassard is hit by T.J Galiardi and loses puck.
13:12 of 3rd period - Tomas Fleischmann is hit by Fabian Brunnstrom and loses puck.
13:31 of 3rd period - Slapshot by Ryan Johansen.
13:31 of 3rd period - Stopped by Marc-André Fleury with a rebound.
13:37 of 3rd period - Wrist shot by Tomas Fleischmann.
13:37 of 3rd period - Stopped by Marc-André Fleury without a rebound.
13:38 of 3rd period - Jordan Staal wins face-off versus Derick Brassard in Maple Leafs zone.
14:04 of 3rd period - Zac Rinaldo is hit by Ben Smith and loses puck.
14:10 of 3rd period - Icing by Kevin Marshall.
14:11 of 3rd period - Mark Scheifele wins face-off versus Zac Rinaldo in Blackhawks zone.
14:25 of 3rd period - Minor Penalty to Ben Smith for Holding.
14:26 of 3rd period - Derick Brassard wins face-off versus Claude Giroux in Maple Leafs zone.
15:53 of 3rd period - Mike Green is hit by Braydon Coburn and loses puck.
16:25 of 3rd period - Penalty to Ben Smith is over, Ben Smith is back on ice.
16:30 of 3rd period - Snap shot by Tyler Kennedy.
16:30 of 3rd period - Shot Blocked by Tobias Enstrom.
16:32 of 3rd period - Snap shot by Tyler Kennedy.
16:32 of 3rd period - Stopped by Marc-André Fleury without a rebound.
16:33 of 3rd period - Zac Rinaldo wins face-off versus Mark Scheifele in Maple Leafs zone.
18:57 of 3rd period - Maple Leafs, Marc-André Fleury is pulled from the net.
19:11 of 3rd period - Wrist shot by Jordan Staal.
19:11 of 3rd period - Deflect By Claude Giroux.
19:11 of 3rd period - Shot Misses the Net.
19:11 of 3rd period - Puck is out of play.
19:12 of 3rd period - Pat Burns call a timeout for Maple Leafs.
19:12 of 3rd period - Jordan Staal wins face-off versus Derick Brassard in Blackhawks zone.
Goals for this period are 1 for Maple Leafs vs 0 for Blackhawks.
Shots for this period are 7 for Maple Leafs vs 7 for Blackhawks.